 Dungeon Crawl Stone Soup version 0.22.1-1-ga44c0e5 (webtiles) character file.

91 aMcNicky the Insei (level 4, -1/29 HPs)
             Began as an Octopode Transmuter on Oct 7, 2018.
             Slain by an orc wizard
             ... wielding a cursed -1 dagger
              (3 damage)
             ... on level 4 of the Dungeon.
             The game lasted 00:10:33 (3590 turns).

aMcNicky the Insei (Octopode Transmuter)            Turns: 3590, Time: 00:10:34

Health: -1/29      AC:  2    Str:  9    XL:     4   Next: 59%
Magic:  0/7        EV: 20    Int: 16    God:
Gold:   136        SH:  0    Dex: 17    Spells: 1/7 levels left

rFire    . . .     SeeInvis .     - Unarmed
rCold    . . .     Gourm    .   (shield currently unavailable)
rNeg     . . .     Faith    .   (helmet currently unavailable)
rPois    x         Spirit   .   (no amulet)
rElec    .         Reflect  .   e - ring of wizardry
rCorr    .         Harm     .   (no ring)
MR       .....                  (no ring)
Stlth    ++........             (no ring)
HPRegen  0.09/turn              (no ring)
MPRegen  0.10/turn              (no ring)
                                (no ring)
                                (no ring)

@: spider-form
A: tiny, almost no armour, stealthy swim, (amphibious), 8 rings, (constrict 8)
a: End Transformation


You were on level 4 of the Dungeon.
You were not hungry.
You were a venomous arachnid creature.
You visited 1 branch of the dungeon, and saw 4 of its levels.

You collected 136 gold pieces.

Inventory:

Missiles
 a - 60 arrows
Jewellery
 e - a ring of wizardry (left front leg)
Wands
 p - a wand of flame (27)
Scrolls
 g - 2 scrolls of noise {unknown}
 k - a scroll of amnesia
 l - a scroll of magic mapping {unknown}
 m - a scroll of remove curse {unknown}
 o - a scroll of blinking {unknown}
 q - a scroll of teleportation {unknown}
Potions
 b - a potion of might {unknown}
 d - a potion of magic {unknown}
 f - 2 potions of flight {unknown}
 h - 2 potions of curing {unknown}
 j - a potion of resistance {unknown}
 n - a potion of lignification {unknown}
Comestibles
 c - 6 rations
 i - a chunk of flesh


   Skills:
 * Level 2.0 Fighting
 * Level 2.6 Dodging
 * Level 4.0 Unarmed Combat
 + Level 2.2 Spellcasting
 + Level 2.4 Transmutations
 + Level 0.0 Poison Magic


You had one spell level left.
You knew the following spells:

 Your Spells              Type           Power        Failure   Level  Hunger
a - Beastly Appendage     Tmut           #.....       9%          1    #......
b - Sticks to Snakes      Tmut           #.......     11%         2    ###....
c - Spider Form           Tmut/Pois      #.........   26%         3    ###....

Your spell library contained the following spells:

 Spells                   Type           Power        Failure   Level  Hunger
 Ice Form                 Ice/Tmut       #.......     58%         4    #####..
 Blade Hands              Tmut           #.........   75%         5    ######.


Dungeon Overview and Level Annotations

Branches:
Dungeon (4/15)
 Temple: D:4-7

Altars:
Trog
Vehumet


Innate Abilities, Weirdness & Mutations

You cannot wear most types of armour.
You are very stealthy in the water. (Stealth+)
((You are amphibious.))
You can wear up to eight rings at the same time.
((You can use your tentacles to constrict eight enemies at once.))
((Your skin changes colour to match your surroundings (Stealth+).))
((Your rubbery body absorbs attacks. (AC +1, EV +1)))


Message History

The magic dart hits you!
* * * LOW HITPOINT WARNING * * *
The orc priest casts a cantrip, but nothing happens.
Your transformation has ended.
The orc wizard closely misses you.
Casting: Spider Form (safe; 14% risk of failure)
Confirm with . or Enter, or press ? or * to list all spells.
You turn into a venomous arachnid creature.
The orc wizard hits you with a dagger.
* * * LOW HITPOINT WARNING * * *
The orc wizard hits you with a dagger.
* * * LOW HITPOINT WARNING * * *
Okay, then.
Okay, then.
The orc wizard begins to cast a cantrip, but forgets the words!
Casting: Spider Form (safe; 26% risk of failure)
Confirm with . or Enter, or press ? or * to list all spells.
You create a snake!
You now have 60 arrows.
The orc wizard hits you with a dagger.
You die...

#. ....(.......## ##.#
#.#######.# ..#...>...###..#
##.........###. #.....#......#
###........# ....##....####....#
#........## ..##.....# ###...
#......##..# ..#......# #....
....... ##o## #S......## #....
....... ##.## #.......## #....
....... #..###s.......## #.....
#.......###..ooo...####..###....#
##.............#..## ##.......##
#..###....#..##...## ##..###.#
##..#..###....# ##.## #.....#
#....####..## #....##
#..#..#.....# ......#
#..##...###.# ...... ####..##..##
...


You could see an orc priest, an orc wizard, an orc and a friendly ball python.

Vanquished Creatures
  3 adders
  An ooze (D:1)
  A worm (D:3)
  A leopard gecko (D:2)
  2 orcs (D:3)
  2 giant cockroaches
  10 goblins
  9 hobgoblins
  4 jackals (D:2)
  3 kobolds
  2 quokkas
  3 ball pythons (D:3)
  4 bats
  4 frilled lizards
  4 rats
53 creatures vanquished.

Vanquished Creatures (others)
  2 adders (D:3)
  A goblin (D:3)
3 creatures vanquished.

Grand Total: 56 creatures vanquished

Notes
Turn   | Place    | Note
-------+----------+-------------------------------------------
     0 | D:1      | aMcNicky the Octopode Transmuter began the quest for the
                  | Orb.
     0 | D:1      | Reached XP level 1. HP: 13/13 MP: 3/3
    94 | D:1      | Reached XP level 2. HP: 18/18 MP: 3/5
   184 | D:1      | Learned a level 2 spell: Sticks to Snakes
   792 | D:2      | Found a bloodstained altar of Trog.
  1057 | D:2      | Reached XP level 3. HP: 12/23 MP: 4/6
  1216 | D:2      | Learned a level 3 spell: Spider Form
  2078 | D:3      | Reached XP level 4. HP: 28/29 MP: 5/7
  2671 | D:3      | Reached skill level 4 in Unarmed Combat
  3200 | D:3      | Found a radiant altar of Vehumet.
  3590 | D:4      | Slain by an orc wizard

Skill      XL: |  1  2  3  4 |
---------------+-------------+-----
Unarmed Combat | 4 |  4.0
Fighting       | 2 |  2.0
Dodging        | |  2.6
Spellcasting   | |  2.2
Transmutations | |  2.4

Action                   |  1- 3 |  4- 6 || total
-------------------------+-------+-------++-------
Melee: Unarmed           |    69 |    44 ||   113
       Constrict         |    19 |     6 ||    25
       Kick              |     7 |     2 ||     9
       Punch             |     3 |       ||     3
       Tentacles         |    11 |     3 ||    14
 Cast: Beastly Appendage |    17 |     7 ||    24
       Spider Form       |     1 |     4 ||     5
       Sticks to Snakes  |       |     5 ||     5
  Use: Scroll            |       |     3 ||     3
 Stab: Sleeping          |     6 |     1 ||     7
  Eat: Chunk             |     2 |     4 ||     6
       Ration            |     1 |       ||     1
Armor: Skin              |     6 |     2 ||     8
Dodge: Dodged            |    28 |    38 ||    66
